 Dungeon Crawl Stone Soup version 0.32-a0-411-g744942f433 (webtiles) character file.

Game seed: 7181495510560973210

437 ytrimaz the Chopper (level 6, -2/51 HPs)
             Began as a Mountain Dwarf Fighter on Feb 21, 2024.
             Slain by a gnoll sergeant
             ... wielding a +4 spear of venom
              (11 damage)
             ... on level 4 of the Dungeon.
             The game lasted 00:03:16 (3185 turns).

ytrimaz the Chopper (Mountain Dwarf Fighter)        Turns: 3185, Time: 00:03:16

Health: -2/51      AC:  8    Str: 21    XL:     6   Next: 69%
Magic:  6/6        EV: 10    Int: 14    God:
Gold:   175        SH:  4    Dex:  9    Spells: 5/5 levels left

rFire   . . .        a - +0 war axe
rCold   + . .        c - +0 buckler
rNeg    . . .        k - +2 ring mail {rC+}
rPois   .            (no helmet)
rElec   .            (no cloak)
rCorr   .            (no gloves)
SInv    +            (no boots)
Will    .....        q - amulet of regeneration Stlth
                     h - +6 ring of intelligence
HPRegen 1.08/turn    j - ring of see invisible
MPRegen 0.10/turn

%: no passive effects
@: lethally poisoned (-2 -> -8)
A: runic magic, artefact enchanting
a: no special abilities


You were on level 4 of the Dungeon.
You visited 1 branch of the dungeon, and saw 5 of its levels.

You collected 175 gold pieces.


Innate Abilities, Weirdness & Mutations

Your spellcasting is much less encumbered by armour.
You can use scrolls of enchantment on lesser artefacts.


   Skills:
 - Level 3.2 Fighting
 + Level 6.3 Axes
 + Level 6.3 Armour
 - Level 3.2 Shields


You had 5 spell levels left.
You didn't know any spells.
Your spell library contained the following spells:

 Spells                   Type           Power      Damage    Failure   Level
 Sandblast                Erth           0%         2d4       36%         1
 Blink                    Tloc           0%         N/A       52%         2
 Lesser Beckoning         Tloc           0%         N/A       52%         2
 Momentum Strike          Conj/Tloc      0%         3d8       52%         2
 Static Discharge         Conj/Air       0%         3-3/arc   52%         2
 Frozen Ramparts          Ice            0%         1d1       75%         3
 Passwall                 Erth           0%         N/A       75%         3
 Stone Arrow              Conj/Erth      0%         3d7       75%         3
 Airstrike                Air            0%         2d(0-16)  98%         4
 Brom's Barrelling Bould  Conj/Erth      0%         2d3       98%         4
 Leda's Liquefaction      Alch/Erth      0%         N/A       98%         4
 Petrify                  Alch/Erth      0%         N/A       98%         4
 Summon Lightning Spire   Summ/Air       0%         N/A       98%         4
 Metabolic Englaciation   Hex/Ice        0%         N/A       100%        5

Inventory:

Hand Weapons
 a - a +0 war axe (weapon)
Missiles
 p - 2 throwing nets (quivered)
Armour
 b - a +0 scale mail
 c - a +0 buckler (worn)
 k - a +2 ring mail of cold resistance (worn)
   (You took it off an orc on level 3 of the Dungeon)
Jewellery
 h - a +6 ring of intelligence (left hand)
   (You found it on level 2 of the Dungeon)
 j - a ring of see invisible (right hand)
   (You found it on level 2 of the Dungeon)
 q - an amulet of regeneration (around neck)
   (You found it on level 4 of the Dungeon)
Wands
 i - a wand of digging (6)
   (You found it on level 4 of the Dungeon)
 n - a wand of charming (9)
   (You found it on level 4 of the Dungeon)
Scrolls
 g - a scroll of noise
 m - a scroll of revelation
Potions
 d - a potion of might
 f - a potion of mutation

Dungeon Overview and Level Annotations

Branches:
Dungeon (5/15) Zot: 26621
 Temple: D:4-7

Altars:
Xom

#.# #.# #.# ### ###
#.####.#####.###
##.##..#.........
######...#.....###.###
#...........g.........
#.####....g....###..##
#...g@g........###..#.
#..###................
#..# ##.#.#...####..#.
#..####....#.#####..#.
#.........<..#......#.
##.####....#.#.####.#.
#.####.#.##.#.####.#.
#...)................
######.#...........#.


You could see a gnoll sergeant and 3 gnolls.


Message History

There is a stone staircase leading up here.
Key pressed, stopping explore.
A giant cockroach comes into view.
Search for what [Enter for "ench", or ? for help]? armor The giant cockroach waves its antennae.
The giant cockroach bites you but does no damage.
Unknown command.
You closely miss the giant cockroach. The giant cockroach closely misses you.
The giant cockroach bites you but does no damage.
You hit the giant cockroach. You block the giant cockroach's attack.
You slash the giant cockroach!
You kill the giant cockroach!
You see here a giant cockroach corpse.
Unknown command.
Search for what [Enter for "armor", or ? for help]? armo You see here a giant cockroach corpse.
There is a stone staircase leading up here.
You climb upwards.
There is a stone staircase leading down here.
There is a shimmering altar of Xom here.
Items here: ( ) [ รท.
Unknown command.
k - a +2 ring mail of cold resistance You start removing your armour.
You continue removing your +0 scale mail. x4
You finish removing your +0 scale mail.
You start putting on your armour.
You continue putting on your +2 ring mail of cold resistance. x5
You finish putting on your +2 ring mail of cold resistance.
You feel resistant to cold.
Unknown command.
As you read the scroll labelled ILISAI PUSUKH, it crumbles to dust.
You hear a loud clanging noise!
It was a scroll of noise.
Unknown command.
As you read the scroll labelled XOKLUS LEPUT, it crumbles to dust.
You feel momentarily disoriented.
It was a scroll of revelation.
Unknown command.
As you read the scroll labelled VOAMO RATH, it dissolves into smoke.
It was a scroll of fog.
Unknown command.
Nothing appears to happen.
As you read the scroll labelled CEKLUU WEJUT, it crumbles to dust.
It was a scroll of poison.
Unknown command.
You start waiting.
Done waiting.
Things that are here:
a jackal skeleton; a jackal skeleton You see here 3 stones.
You see here a +0 club.
There is a stone staircase leading down here.
You climb downwards.
There is a stone staircase leading up here.
There are monsters nearby!
There are monsters nearby!
There are monsters nearby!
Unknown command.
The gnoll sergeant hits you from afar with a +4 spear of venom.
You are poisoned. ๐Ÿ˜• HP[-1]
You take 1 damage, and now have 50/51 hp.
You feel sick.
The gnoll sergeant hits you with a +4 spear of venom.
You are more poisoned. ๐Ÿ˜• HP[-5]
You take 5 damage, and now have 45/51 hp.
The gnoll shouts!
You hit the gnoll sergeant.
You feel very sick.
The gnoll sergeant hits you with a +4 spear of venom.
You are more poisoned. ๐Ÿ˜ฎ HP[-10]
You take 10 damage, and now have 35/51 hp.
The gnoll sergeant blocks your attack.
You feel very sick.
The gnoll sergeant barely misses you. ๐Ÿ˜ฎ HP[-4]
You take 4 damage, and now have 31/51 hp.
The gnoll sergeant blocks your attack.
You feel very sick.
You block the gnoll sergeant's attack. ๐Ÿ˜ฎ HP[-4]
You take 4 damage, and now have 27/51 hp.
Unknown command.
You slash the gnoll sergeant!
You feel very sick.
The gnoll sergeant hits you with a +4 spear of venom.
* * * LOW HITPOINT WARNING * * *
You are more poisoned.
The gnoll sergeant hits you with a +4 spear of venom.
* * * LOW HITPOINT WARNING * * *
๐Ÿ˜ฑ HP[-15]
You take 15 damage, and now have 12/51 hp.
MASSIVE DAMAGE!! (PAUSE)
You slash the gnoll sergeant!
* * * LOW HITPOINT WARNING * * *
You feel very sick.
The gnoll sergeant hits you with a +4 spear of venom!
You die...

Skill      XL: |  1  2  3  4  5  6 |
---------------+-------------------+-----
Axes           | 3 4 5 6 |  6.3
Armour         | 4 5 6 |  6.3
Fighting       | |  3.2
Shields        | |  3.2

Action                     |  1- 3 |  4- 6 || total
---------------------------+-------+-------++-------
  Melee: War axe           |    56 |   184 ||   240
    Use: Scroll            |       |     6 ||     6
         Potion            |       |     2 ||     2
 Armour: Scale mail        |    51 |   133 ||   184
         Ring mail         |       |     6 ||     6
  Dodge: Dodged            |    17 |    90 ||   107
  Block: Buckler           |    10 |    34 ||    44

Levels and vault maps discovered:
D:1:      zelgadis_glass_arrival_small, layout_basic
D:2:      layout_loops_cross, serial_forest, infiniplex_forest_corner_1,
          infiniplex_forest_straight_2, infiniplex_forest_clump_medium,
          infiniplex_forest_clump_tiny, infiniplex_forest_clump_long,
          infiniplex_forest_clump_tiny
D:3:      layout_loops_cross, xom_butterflies
D:4:      layout_loops_ring, cheibrodos_gnoll_hut, uniq_edmund
D:5:      layout_gridville, mainiacjoe_overflow_tiny_flanked,
          ebering_ghost_reflecting_pool

Notes
Turn   | Place    | Note
-------+----------+-------------------------------------------
     0 | D:1      | ytrimaz the Mountain Dwarf Fighter began the quest for the
                  | Orb.
     0 | D:1      | Reached XP level 1. HP: 19/19 MP: 1/1
     0 | D:1      | magus.rc [v1.9.6]
    93 | D:1      | Reached skill level 3 in Axes
    93 | D:1      | Reached XP level 2. HP: 26/26 MP: 2/2
   114 | D:1      | You pick up a book of Sloth and begin reading...
   114 | D:1      | You add the spells Frozen Ramparts, Leda's Liquefaction,
                  | Petrify and Metabolic Englaciation to your library.
   234 | D:1      | Reached skill level 4 in Armour
   244 | D:1      | Reached XP level 3. HP: 29/31 MP: 3/3
   405 | D:1      | You pick up a book of Geomancy and begin reading...
   405 | D:1      | You add the spells Sandblast, Passwall, Stone Arrow and
                  | Brom's Barrelling Boulder to your library.
   714 | D:2      | Reached skill level 4 in Axes
   714 | D:2      | Reached XP level 4. HP: 19/38 MP: 4/4
   901 | D:2      | You pick up a book of Storms and begin reading...
   901 | D:2      | You add the spells Static Discharge, Airstrike and Summon
                  | Lightning Spire to your library.
  1220 | D:2      | Reached skill level 5 in Armour
  1324 | D:2      | Reached XP level 5. HP: 41/45 MP: 5/5
  1810 | D:3      | HP: 10/45 [burnt (7)]
  1811 | D:3      | Reached skill level 5 in Axes
  1815 | D:3      | HP: 4/45 [ribbon worm (6)]
  1971 | D:3      | Found a shimmering altar of Xom.
  2174 | D:3      | You pick up a book of Spatial Translocations and begin
                  | reading...
  2174 | D:3      | You add the spells Blink, Momentum Strike and Lesser
                  | Beckoning to your library.
  2570 | D:4      | Noticed a phantom
  2581 | D:4      | Killed a phantom
  2582 | D:4      | Reached XP level 6. HP: 48/51 MP: 6/6
  2675 | D:4      | Reached skill level 6 in Armour
  2796 | D:4      | HP: 12/51 [gnoll/+0 flail[a gnoll sergeant] (3)]
  2805 | D:4      | HP: 12/51 [gnoll/+0 whip[a gnoll sergeant] (5)]
  2814 | D:5      | Entered Level 5 of the Dungeon
  2821 | D:5      | Reached skill level 6 in Axes
  3184 | D:4      | HP: 12/51 [gnoll sergeant/+4 spear of venom (6)]
  3185 | D:4      | Slain by a gnoll sergeant

Vanquished Creatures
  A phantom (D:4)
  A scorpion (D:5)
  3 bombardier beetles
  An iguana (D:5)
  2 gnolls
  4 adders
  2 ribbon worms
  2 dart slugs
  2 orcs (D:3)
  5 endoplasms
  3 giant cockroaches
  7 hobgoblins
  4 jackals (D:3)
  3 kobolds
  A quokka (D:3)
  8 ball pythons
  3 bats
  4 frilled lizards
  10 goblins
  9 rats
75 creatures vanquished.

Table legend:
 A = Non-vault XP
 B = Vault XP
 C = Vault XP percentage of total XP
 D = Non-vault monster count
 E = Vault monster count
 F = Vault count percentage of total count
                 A         B        C        D         E       F
            +---------+---------+-------+---------+---------+-------
      Total |     625 |       0 |   0.0 |      75 |       0 |   0.0
            +---------+---------+-------+---------+---------+-------
        D:1 |      81 |       0 |   0.0 |      25 |       0 |   0.0
        D:2 |     125 |       0 |   0.0 |      19 |       0 |   0.0
        D:3 |     155 |       0 |   0.0 |      21 |       0 |   0.0
        D:4 |     124 |       0 |   0.0 |       7 |       0 |   0.0
        D:5 |     140 |       0 |   0.0 |       3 |       0 |   0.0
            +---------+---------+-------+---------+---------+-------

Skill      XL: |  1  2  3  4  5  6 |
---------------+-------------------+-----
Axes           | 3 4 5 6 |  6.3
Armour         | 4 5 6 |  6.3
Fighting       | |  3.2
Shields        | |  3.2

Action                     |  1- 3 |  4- 6 || total
---------------------------+-------+-------++-------
  Melee: War axe           |    56 |   184 ||   240
    Use: Scroll            |       |     6 ||     6
         Potion            |       |     2 ||     2
 Armour: Scale mail        |    51 |   133 ||   184
         Ring mail         |       |     6 ||     6
  Dodge: Dodged            |    17 |    90 ||   107
  Block: Buckler           |    10 |    34 ||    44

Illustrated notes

Table legend:
 A = Kills in this place as a percentage of kills in the entire game.
 B = Kills by you in this place as a percentage of kills by you in the entire game.
 C = Kills by friends in this place as a percentage of kills by friends in the entire game.
 D = Other kills in this place as a percentage of other kills in the entire game.
 E = Experience gained in this place as a percentage of experience gained in the entire game.
 F = Experience gained in this place divided by the number of levels of this place that you have seen.
                   A       B       C       D       E      F
               +-------+-------+-------+-------+-------+----------------------
         Total | 100.0 | 100.0 |   N/A |   N/A | 100.0 | 125.0
       Dungeon | 100.0 | 100.0 |   N/A |   N/A | 100.0 | 125.0
               +-------+-------+-------+-------+-------+----------------------

Table legend: (Time is in decaauts)
 A = Elapsed time spent in this place.
 B = Non-inter-level travel time spent in this place.
 C = Inter-level travel time spent in this place.
 D = Time resting spent in this place.
 E = Time spent auto-exploring this place.
 F = Levels seen in this place.
 G = Mean time per level.
                   A        B        C        D        E       F      G
               +--------+--------+--------+--------+--------+-----+--------+
         Total |   3255 |   3079 |    176 |    100 |   2309 |   5 |  651.0 |
       Dungeon |   3255 |   3079 |    176 |    100 |   2309 |   5 |  651.0 |
               +--------+--------+--------+--------+--------+-----+--------+

Top non-repeatable levels by time:
     D:3: 1082 daAuts
     D:2: 1000 daAuts
     D:1: 676 daAuts
     D:4: 462 daAuts
     D:5: 33 daAuts
